 Dungeon Crawl Stone Soup version 0.23.2-1-ga50397a (webtiles) character file.

Game seed: 17339052760701010852

1062 IBeShadow the Sneak (level 8, -2/45 HPs)
             Began as a Deep Elf Fire Elementalist on May 31, 2019.
             Slain by a wyvern zombie (13 damage)
             ... on level 6 of the Dungeon.
             The game lasted 00:09:25 (6705 turns).

IBeShadow the Sneak (Deep Elf Fire Elementalist)    Turns: 6705, Time: 00:09:26

Health: -2/45      AC:  4    Str:  5    XL:     8   Next: 6%
Magic:  17/17      EV: 13    Int: 23    God:
Gold:   255        SH:  0    Dex: 15    Spells: 7/17 levels left

rFire    . . .     SeeInvis .   u - +4 quarterstaff (chaos)
rCold    . . .     Gourm    .   (shield currently unavailable)
rNeg     . . .     Faith    .   a - +0 robe
rPois    .         Spirit   .   (no helmet)
rElec    .         Reflect  .   y - +0 cloak {MR+}
rCorr    .         Harm     .   k - +0 pair of gloves
MR       +....                  (no boots)
Stlth    ++++......             (no amulet)
HPRegen  0.15/turn              e - ring of stealth
MPRegen  0.15/turn              (no ring)

@: no status effects
A: no striking features
a: no special abilities


You were on level 6 of the Dungeon.
You were not hungry.

You visited 1 branch of the dungeon, and saw 6 of its levels.

You collected 255 gold pieces.

Inventory:

Hand Weapons
 f - a +0 short sword
 u - a +4 quarterstaff of chaos (weapon)
Armour
 a - a +0 robe (worn)
 k - a +0 pair of gloves (worn)
 y - a +0 cloak of magic resistance (worn)
Jewellery
 e - a ring of stealth (left hand)
 z - an uncursed amulet of regeneration {unknown}
 A - an uncursed ring of protection from magic {unknown}
Wands
 B - a wand of paralysis (9)
Scrolls
 b - 4 scrolls of identify
 g - 2 scrolls of blinking
 h - a scroll of immolation {unknown}
 i - 4 scrolls of remove curse
 j - a scroll of enchant armour {unknown}
 l - 3 scrolls of teleportation
 n - 2 scrolls of fear {unknown}
 r - a scroll of enchant weapon {unknown}
 s - 2 scrolls of amnesia {unknown}
 t - a scroll of random uselessness {unknown}
Potions
 d - 2 potions of curing
 m - a potion of invisibility
 o - a potion of agility
 p - a potion of flight {unknown}
 q - a potion of magic {unknown}
 v - a potion of brilliance {unknown}
 w - a potion of might {unknown}
 x - a potion of degeneration {unknown}
Comestibles
 c - 8 rations


   Skills:
 + Level 2.4 Fighting
 - Level 2.4 Short Blades
 - Level 2.5 Dodging
 + Level 6.2 Stealth
 - Level 5.0 Spellcasting
 + Level 4.8 Conjurations
 + Level 5.9 Fire Magic


You had 7 spell levels left.
You knew the following spells:

 Your Spells              Type           Power        Failure   Level  Hunger
a - Flame Tongue          Conj/Fire      ####.        1%          1    None
b - Throw Flame           Conj/Fire      ####..       1%          2    None
c - Conjure Flame         Conj/Fire      ####....     3%          3    ##.....
d - Sticky Flame          Conj/Fire      ####....     11%         4    ####...

Your spell library contained the following spells:

 Spells                   Type           Power        Failure   Level  Hunger
 Inner Flame              Hex/Fire       ###.....     9%          3    ##.....
 Fireball                 Conj/Fire      ####......   28%         5    #####..


Dungeon Overview and Level Annotations

Branches:
Dungeon (6/15)
 Temple: D:4-7

Altars:
Okawaru
Qazlal

Shops:
D:4 [


Message History

The wyvern zombie barely misses you.
You hit the worker ant.
The worker ant appears confused.
The worker ant is almost dead.
The wyvern zombie bites you! The worker ant completely misses you.
You hit the worker ant but do no damage.
The worker ant is almost dead.
The wyvern zombie bites you!
* * * LOW HITPOINT WARNING * * *
The worker ant barely misses you. The wyvern zombie misses you.
You are too injured to fight recklessly!
You are too injured to fight recklessly!
Unknown command.
Casting: Sticky Flame (safe; 11% risk of failure)
Confirm with . or Enter, or press ? or * to list all spells.
Aiming: Flame Tongue (safe; 1% risk of failure)
Press: ? - help, Shift-Dir - straight line, f - wyvern zombie
Aim: a wyvern zombie
Okay, then.
The wyvern zombie bites you!
You die...

# #.# # . #.# # #. #.#
###.######### #.###.#
...........# .##.....#
#.########.#
[.......#######...# #.#
..................# #.#
........########..######..
.......aZ@................
........#####.###.########
######### #.# #Z# #.#
#.##### #Z###Z....#
#...Z####.# ####.# #.# #.#


You could see a worker ant (confused) and a wyvern zombie.

Vanquished Creatures
  Edmund (D:5)
  2 phantoms
  An ogre (D:4)
  A bullfrog (D:6)
  A water moccasin skeleton (D:4)
  A scorpion (D:4)
  2 howler monkeys (D:5)
  2 hounds
  Crazy Yiuf (D:5)
  A jelly (D:5)
  An orc wizard (D:5)
  2 iguanas
  4 worker ants
  4 gnolls (D:4)
  A howler monkey skeleton (D:5)
  4 adders
  An adder zombie (D:5)
  2 worms
  2 dart slugs
  2 leopard geckos (D:2)
  7 orcs
  3 ball pythons
  13 bats
  4 giant cockroaches
  9 goblins
  10 hobgoblins
  2 jackals (D:6)
  6 kobolds
  4 quokkas
  A ball python skeleton (D:4)
  7 frilled lizards
  9 rats
111 creatures vanquished.

Vanquished Creatures (others)
  2 fungi (D:5)
2 creatures vanquished.

Grand Total: 113 creatures vanquished

Notes
Turn   | Place    | Note
-------+----------+-------------------------------------------
     0 | D:1      | IBeShadow the Deep Elf Fire Elementalist began the quest
                  | for the Orb.
     0 | D:1      | Reached XP level 1. HP: 10/10 MP: 6/6
   278 | D:1      | Reached XP level 2. HP: 15/15 MP: 8/8
  1326 | D:2      | Reached XP level 3. HP: 19/19 MP: 10/10
  1343 | D:2      | Learned a level 2 spell: Throw Flame
  1347 | D:2      | Learned a level 3 spell: Conjure Flame
  1533 | D:2      | Reached skill level 3 in Stealth
  2126 | D:3      | Reached XP level 4. HP: 16/24 MP: 8/12
  2524 | D:3      | Found a stormy altar of Qazlal.
  3209 | D:4      | Noticed an ogre
  3229 | D:4      | Killed an ogre
  3229 | D:4      | Reached skill level 4 in Stealth
  3229 | D:4      | Reached XP level 5. HP: 24/28 MP: 7/14
  3346 | D:4      | Reached skill level 5 in Spellcasting
  3733 | D:4      | Found Midghes's Armour Shoppe.
  3741 | D:4      | Reached XP level 6. HP: 32/32 MP: 12/15
  3787 | D:4      | Reached skill level 1 in Short Blades
  4064 | D:4      | Reached skill level 1 in Fighting
  4064 | D:4      | Reached skill level 5 in Fire Magic
  4268 | D:4      | Reached skill level 5 in Stealth
  4587 | D:4      | Reached XP level 7. HP: 26/38 MP: 5/16
  4588 | D:4      | Found an iron altar of Okawaru.
  4734 | D:5      | Entered Level 5 of the Dungeon
  4883 | D:5      | Learned a level 4 spell: Sticky Flame
  5024 | D:5      | Noticed Edmund
  5044 | D:5      | Killed Edmund
  5735 | D:5      | Found a runed translucent door.
  5736 | D:5      | Noticed Crazy Yiuf
  5830 | D:5      | Killed Crazy Yiuf
  6253 | D:6      | Reached skill level 6 in Stealth
  6387 | D:6      | Reached XP level 8. HP: 29/44 MP: 17/17
  6705 | D:6      | Slain by a wyvern zombie

Skill      XL: |  1  2  3  4  5  6  7 |
---------------+----------------------+-----
Stealth        | 3 4 5 6 |  6.2
Conjurations   | 2 3 4 |  4.8
Spellcasting   | 4 5 |  5.0
Fire Magic     | 4 5 |  5.9
Short Blades   | 1 2 |  2.4
Fighting       | 1 2 |  2.4
Dodging        | |  2.5

Action                   |  1- 3 |  4- 6 |  7- 9 || total
-------------------------+-------+-------+-------++-------
Melee: Unarmed           |     3 |       |       ||     3
       Dagger            |    26 |       |       ||    26
       Short sword       |    32 |    45 |    23 ||   100
       Quarterstaff      |       |       |    36 ||    36
 Cast: Flame Tongue      |    49 |    61 |    38 ||   148
       Throw Flame       |     6 |    15 |     1 ||    22
       Sticky Flame      |       |       |     4 ||     4
  Use: Potion            |       |     2 |       ||     2
       Scroll            |       |     5 |       ||     5
 Stab: Sleeping          |    12 |     6 |     6 ||    24
       Distracted        |       |     1 |       ||     1
  Eat: Chunk             |     4 |     6 |     8 ||    18
Armor: Robe              |    17 |    20 |    14 ||    51
Dodge: Dodged            |    82 |    69 |    62 ||   213
